Cogmind - Beta 14 @@@ ROGUE MODE // 2024.12.14 @ 12:03:13 Player: Two Silent Monoliths Result: Self-destructed Performance ------------- Evolutions (2) 1000 Regions Visited (5) 1000 Robots Destroyed (42) 210 Value Destroyed (1238) 1238 Prototype IDs (25) 500 Alien Tech Used (0) 0 Bonus (406) 406 TOTAL SCORE: 4354 Bonus ------- High Alert Combat Kills 106 Aligned with FarCom 300 Cogmind --------- Core Integrity 462/550 Matter 300/300 Energy 163/250 System Corruption 27% Temperature Cool (0) Movement Walking (90) Location -8/Materials Parts ------- > --- POWER (2) -------- Ion Engine > --- PROPULSION (3) --- Potential Leg Potential Leg > --- UTILITY (4) ------ Improved Heat Sink Small Storage Unit Signal Interpreter Hardened Medium Armor Plating > --- WEAPON (2) ------- Latent Energy Streamer Guided Plasma Cannon > --- INVENTORY (8) ---- Improved Heat Sink Advanced Heat Sink Large Storage Unit Hacking Suite Mini Grenade Launcher Peak State ------------ > --- POWER ------------ Ion Engine Light Nuclear Core > --- PROPULSION ------- Potential Leg Potential Leg > --- UTILITY ---------- Improved Heat Sink Small Storage Unit Signal Interpreter Hardened Medium Armor Plating > --- WEAPON ----------- Latent Energy Streamer Guided Plasma Cannon > --- INVENTORY -------- Heat Sink Large Storage Unit Mini Grenade Launcher [Rating: 50] Favorites ----------- Power Ion Engine Engine Ion Engine Power Core Light Nuclear Core Propulsion Potential Leg Leg Potential Leg Flight Unit Flight Unit Utility Weight Redist. System Device Weight Redist. System Storage Small Storage Unit Processor Signal Interpreter Protection Hardened Medium Armor Plating Weapon Medium Laser Energy Gun Medium Laser Energy Cannon Latent Energy Streamer Ballistic Gun Assault Rifle Launcher Mini Grenade Launcher Build | -11 -10 -10 -10 -9 -8 ------- Run | Yrd Mat Min Exi Min Mat Slots Evolved 4 | . . . . . 4 Power 1 | . . . . . 1 Propulsion 1 | . . . . . 1 Utility 2 | . . . . . 2 Weapon . | . . . . . . Parts Attached 27 | 5 10 . 2 1 9 Power 4 | 1 1 . . . 2 Engine 3 | 1 1 . . . 1 Core 1 | . . . . . 1 Reactor . | . . . . . . Propulsion 7 | 2 3 . 1 1 . Treads . | . . . . . . Leg 4 | 2 . . 1 1 . Wheel . | . . . . . . Hover . | . . . . . . Flight 3 | . 3 . . . . Utility 7 | 1 2 . . . 4 Device 3 | . 1 . . . 2 Storage 2 | 1 . . . . 1 Processor 1 | . 1 . . . . Hackware . | . . . . . . Protection 1 | . . . . . 1 Artifact . | . . . . . . Weapon 9 | 1 4 . 1 . 3 Energy Gun 2 | . 2 . . . . Energy Cannon 3 | . . . 1 . 2 Ballistic Gun 1 | 1 . . . . . Ballistic Cannon . | . . . . . . Launcher 3 | . 2 . . . 1 Special Weapon . | . . . . . . Impact Weapon . | . . . . . . Slashing Weapon . | . . . . . . Piercing Weapon . | . . . . . . Special Melee Weapon . | . . . . . . Unidentified Prototypes . | . . . . . . Parts Lost 4 | . 1 . . . 3 Power 2 | . . . . . 2 Propulsion 1 | . 1 . . . . Utility . | . . . . . . Weapon 1 | . . . . . 1 Highest Loss Streak 2 | . 1 . . . 2 To Critical Strikes . | . . . . . . Average Slot Usage (%) 93 | . 97 100 94 100 86 Engine 13 | . 14 14 14 14 11 Leg 16 | . 19 . 5 28 18 Flight 7 | . 8 28 16 . . Device 13 | . 12 14 14 14 12 Storage 6 | . 14 . . . 9 Processor 8 | . . 14 14 14 9 Protection 1 | . . . . . 5 Energy Gun 9 | . 2 28 21 14 2 Energy Cannon 6 | . . . 6 14 10 Launcher 8 | . 23 . . . 4 Peak Build Rating 50 | 5 11 8 27 36 50 Average Rating 23 | 3 9 8 15 35 42 On Entrance 14 | . 5 8 8 27 36 Naked Turns . | . . . . . . Heaviest Build 39 | 12 14 9 17 17 39 Greatest Support 66 | 20 26 14 36 66 66 Greatest Overweight (x) 1 | . . . 1 . . Average Overweight (x) . | . . . . . . Largest Inventory Capacity 8 | 8 8 5 5 5 8 Average Capacity 6 | 7 7 5 5 5 8 Most Carried 8 | 5 8 5 5 5 5 Average Carried 4 | 2 5 5 4 4 3 Final Capacity 8 | 8 5 5 5 5 8 Final Carried 5 | 3 5 5 5 5 5 Class Distribution -------------------- 100% | Mutant Dominant Class ---------------- Mutant | -10/Materials Mutant | -10/Mines Mutant | -10/Exiles Mutant | -9/Mines Mutant | -8/Materials Resources | -11 -10 -10 -10 -9 -8 ----------- Run | Yrd Mat Min Exi Min Mat Matter Collected 807 | 250 79 . 24 44 410 Remotely . | . . . . . . Salvage Created 1172 | . 290 . . . 882 Parts 85 | . 38 . . . 47 Haulers Intercepted 1 | . . . . . 1 Recyclers Shooed 1 | . 1 . . . . Parts Field Recycled . | . . . . . . Retrieved Matter . | . . . . . . Parts Self-Destructed . | . . . . . . Prevented . | . . . . . . Kills | -11 -10 -10 -10 -9 -8 ------- Run | Yrd Mat Min Exi Min Mat Combat Hostiles Destroyed 28 | . 14 . . . 14 Guns 2 | . 1 . . . 1 Cannons 2 | . . . . . 2 AOE 24 | . 13 . . . 11 Classes Destroyed 10 | . 8 . . . 2 Worker 2 | . 1 . . . 1 Builder 4 | . 3 . . . 1 Hauler 1 | . . . . . 1 Recycler 1 | . 1 . . . . Mechanic 2 | . 1 . . . 1 Operator 1 | . 1 . . . . Watcher 3 | . 2 . . . 1 Swarmer 6 | . 6 . . . . Grunt 21 | . 8 . . . 13 Duelist 1 | . . . . . 1 Best Kill Streak 11 | . 11 . . . 5 Combat Bots Only 6 | . 6 . . . 5 Max Kills in Single Turn 3 | . 3 . . . 3 Gunslinging . | . . . . . . Exploded 3 | . 2 . . . 3 Melee . | . . . . . . Uniques/NPCs Destroyed . | . . . . . . Combat | -11 -10 -10 -10 -9 -8 -------- Run | Yrd Mat Min Exi Min Mat Hostile Shots Fired 70 | . 32 . . . 38 Missed 26 | . 12 . . . 14 Damage Taken 969 | . 378 . . . 591 Core 225 | . 137 . . . 88 Absorbed by Shields . | . . . . . . Core Remaining (%) 72 | 100 . . . 45 . Volleys Fired 51 | . 23 1 . . 27 Largest 2 | . 2 2 . . 2 Hottest 120 | . 100 100 . . 120 Shots Fired 69 | . 38 2 . . 29 Gun 17 | . 10 2 . . 5 Cannon 17 | . . . . . 17 Launcher 35 | . 28 . . . 7 Special . | . . . . . . Kinetic . | . . . . . . Thermal 21 | . 10 2 . . 9 Explosive 35 | . 28 . . . 7 Electromagnetic 13 | . . . . . 13 Robot Hit Streak 7 | . 4 . . . 7 Robot Miss Streak 4 | . 3 . . . 4 Penetration Max . | . . . . . . Secondary Targets . | . . . . . . Shots Hit Robots 27 | . 11 . . . 16 Core Hits 70 | . 37 . . . 33 Critical Kills . | . . . . . . Critical Parts Destroyed . | . . . . . . Critical Strikes 2 | . 2 . . . . Burn 2 | . 2 . . . . Melee Attacks . | . . . . . . Impact . | . . . . . . Slashing . | . . . . . . Piercing . | . . . . . . Sneak Attacks . | . . . . . . Combat Hostiles . | . . . . . . Follow-up Attacks . | . . . . . . Damage Inflicted 3949 | . 1700 . . . 2249 Guns 126 | . 63 . . . 63 Cannons 179 | . . . . . 179 Explosions 3644 | . 1637 . . . 2007 Melee . | . . . . . . Ramming . | . . . . . . Kinetic . | . . . . . . Thermal 275 | . 63 . . . 212 Explosive 1801 | . 1519 . . . 282 Electromagnetic 1873 | . 118 . . . 1755 Impact . | . . . . . . Slashing . | . . . . . . Piercing . | . . . . . . Highest Corruption 27 | . . . . . 27 Average Corruption 14 | . . . . . 14 Corruption Purged . | . . . . . . Corruption Blocked . | . . . . . . Effects 12 | . . . . . 12 Message Errors 3 | . . . . . 3 Matter Fused 1 | . . . . . 1 Heat Flow Errors 1 | . . . . . 1 Energy Discharges 1 | . . . . . 1 Parts Rejected 1 | . . . . . 1 Data Loss (minor) 2 | . . . . . 2 Data Loss (major) 1 | . . . . . 1 Alerts 2 | . . . . . 2 Overload Shots . | . . . . . . Overflow Damage 77 | . 37 . . . 40 Projectiles . | . . . . . . Explosions 77 | . 37 . . . 40 Melee . | . . . . . . Knockbacks . | . . . . . . Impact . | . . . . . . Kinetic . | . . . . . . Secondary . | . . . . . . Self-Inflicted Damage 334 | . 130 . . . 204 Shots 8 | . 5 . . . 3 Rammed . | . . . . . . Targets Rammed . | . . . . . . Kicked . | . . . . . . Crushed . | . . . . . . Highest Temperature 198 | . 156 49 . . 198 Average Temperature 50 | . 47 27 . . 59 Received Heat Transfer 342 | . 108 . . . 234 Siege Activations . | . . . . . . Robots Corrupted . | . . . . . . Combat Hostiles . | . . . . . . Parts Fried 5 | . . . . . 5 Impact Corruptions . | . . . . . . Robots Melted . | . . . . . . Combat Hostiles . | . . . . . . Parts Melted 2 | . 1 . . . 1 Heat Transferred 838 | . 333 . . . 505 Parts Sabotaged . | . . . . . . Parts Stolen . | . . . . . . Parts Stripped . | . . . . . . Power Chain Reactions . | . . . . . . Latent Energy Used 1389 | . . . . . 1389 LE Corruption 27 | . . . . . 27 Alert | -11 -10 -10 -10 -9 -8 ------- Run | Yrd Mat Min Exi Min Mat Peak Influence 759 | . 759 226 . . 544 Initial 226 | . . 226 . . . Average 192 | . 272 226 . . 226 Maximum Alert Level 3 | . 3 1 . . 2 Low Security (%) 59 | 100 43 . . 100 52 Level 1 24 | . 20 100 . . 41 Level 2 13 | . 29 . . . 6 Level 3 2 | . 6 . . . . Level 4 . | . . . . . . Level 5 . | . . . . . . High Security . | . . . . . . Max Security . | . . . . . . Squads Dispatched 8 | . 5 . . . 3 Investigation 6 | . 3 . . . 3 Extermination . | . . . . . . Reinforcement 2 | . 2 . . . . Assault . | . . . . . . Garrison . | . . . . . . Intercept . | . . . . . . Searches Triggered . | . . . . . . Construction Impeded . | . . . . . . Haulers Reinforced . | . . . . . . Active Scanning Responses . | . . . . . . Cargo Convoy Interrupts . | . . . . . . Stealth | -11 -10 -10 -10 -9 -8 --------- Run | Yrd Mat Min Exi Min Mat Distress Signals . | . . . . . . Communications Jammed . | . . . . . . Distress Signals . | . . . . . . Times Spotted 40 | . 22 1 . . 17 Peak Tracking Total 10 | . 5 10 . . 5 Tactical Retreats 4 | . 2 . . . 2 Traps | -11 -10 -10 -10 -9 -8 ------- Run | Yrd Mat Min Exi Min Mat Traps Triggered 4 | . 3 . . . 1 Indirectly . | . . . . . . Trap Hack Attempts . | . . . . . . Triggered . | . . . . . . Disarmed . | . . . . . . Reprogrammed . | . . . . . . Reused . | . . . . . . Traps Extracted . | . . . . . . Installed . | . . . . . . Triggered . | . . . . . . Machines | -11 -10 -10 -10 -9 -8 ---------- Run | Yrd Mat Min Exi Min Mat Machines Disabled 9 | . 7 . . . 2 Max in Single Turn 2 | . 2 . . . 1 Machines Repaired . | . . . . . . Machines Dismantled . | . . . . . . Machines Sabotaged . | . . . . . . Overloaded Fab Kills . | . . . . . . Hacking | -11 -10 -10 -10 -9 -8 --------- Run | Yrd Mat Min Exi Min Mat Machines Accessed 7 | . 3 . 1 . 3 Terminals 5 | . 3 . . . 2 Fabricators . | . . . . . . Repair Stations 1 | . . . . . 1 Recycling Units . | . . . . . . Scanalyzers . | . . . . . . Garrison Access . | . . . . . . Total Hacks 18 | . 10 . 1 . 7 Successful 5 | . 3 . 1 . 1 Failed 13 | . 7 . . . 6 Catastrophic 2 | . 2 . . . . Database Lockouts . | . . . . . . Manual 1 | . . . 1 . . Terminals 14 | . 10 . . . 4 Fabricators . | . . . . . . Repair Stations 3 | . . . . . 3 Recycling Units . | . . . . . . Scanalyzers . | . . . . . . Garrison Access . | . . . . . . Terminal Hacks 4 | . 3 . 1 . . Prototype ID Bank 1 | . 1 . . . . Recycling Unit Index 1 | . 1 . . . . Zone Layout 1 | . 1 . . . . Derelict Proto ID Bank 1 | . . . 1 . . Fabricator Hacks . | . . . . . . Repair Station Hacks 1 | . . . . . 1 Scan Component 1 | . . . . . 1 Recycling Unit Hacks . | . . . . . . Scanalyzer . | . . . . . . Garrison Access Hacks . | . . . . . . Unauthorized Hacks . | . . . . . . Terminals . | . . . . . . Fabricators . | . . . . . . Repair Stations . | . . . . . . Recycling Units . | . . . . . . Scanalyzers . | . . . . . . Garrison Access . | . . . . . . Data Cores Recovered . | . . . . . . Used . | . . . . . . Hacking Detections 6 | . 3 . . . 3 Full Trace Events 3 | . 1 . . . 2 Feedback Events . | . . . . . . Feedback Blocked . | . . . . . . Robot Schematics Acquired . | . . . . . . Robots Built . | . . . . . . Authchips . | . . . . . . Time . | . . . . . . Total Robot Build Rating . | . . . . . . Part Schematics Acquired . | . . . . . . Parts Built . | . . . . . . Authchips . | . . . . . . Time . | . . . . . . Total Part Build Rating . | . . . . . . Parts Repaired . | . . . . . . Time . | . . . . . . Parts Recycled . | . . . . . . Recycled Matter . | . . . . . . Retrieved Matter . | . . . . . . Retrieved Components . | . . . . . . Parts Scanalyzed . | . . . . . . Part Schematics Acquired . | . . . . . . Parts Damaged . | . . . . . . Bothacking | -11 -10 -10 -10 -9 -8 ------------ Run | Yrd Mat Min Exi Min Mat Used RIF Installer . | . . . . . . Robots Hacked . | . . . . . . Non-combat . | . . . . . . Combat . | . . . . . . Robot Hacks Applied . | . . . . . . Relay Couplers Released . | . . . . . . Fabnet Peak Effective % . | . . . . . . Robots Rewired . | . . . . . . Allies Hacked . | . . . . . . Hacks Repelled . | . . . . . . Allies | -11 -10 -10 -10 -9 -8 -------- Run | Yrd Mat Min Exi Min Mat Total Allies . | . . . . . . Largest Group . | . . . . . . Highest-Rated Group . | . . . . . . Highest-Rated Ally . | . . . . . . Total Orders . | . . . . . . Ally Attacks . | . . . . . . Total Damage . | . . . . . . Kills . | . . . . . . Allies Corrupted . | . . . . . . Allies Melted . | . . . . . . Intel | -11 -10 -10 -10 -9 -8 ------- Run | Yrd Mat Min Exi Min Mat Robot Analysis Total . | . . . . . . Derelict Logs Recovered . | . . . . . . Drone Launches . | . . . . . . Drone Recoveries . | . . . . . . Exploration | -11 -10 -10 -10 -9 -8 ------------- Run | Yrd Mat Min Exi Min Mat Turns Passed 1421 | 49 417 15 332 200 408 Spaces Moved 1736 | 39 433 33 642 220 369 Core 13 | 13 . . . . . Treads . | . . . . . . Legs 961 | 26 204 . 142 220 369 Wheels . | . . . . . . Hover . | . . . . . . Flight 762 | . 229 33 500 . . Fastest Speed 37 | 50 37 37 37 90 90 Average Speed 71 | 96 76 37 50 90 90 Slowest Speed 120 | 120 120 37 117 90 90 Overloaded Moves . | . . . . . . Propulsion Burnouts . | . . . . . . Robots Hopped 1 | . 1 . . . . Cave-ins Triggered . | . . . . . . Exploration Rate (%) 43 | 4 71 6 92 55 32 Regions Visited 5 Branch Regions 3 Pre-discovered Areas 1 | . . . . 1 . Known Exits Taken 4 | . 1 1 1 1 . Unknown Exits Taken 1 | 1 . . . . . Scrap Searched 1 | . . . . 1 . Spaces Dug . | . . . . . . Terrain Destroyed 285 | . 142 . . . 143 Melee . | . . . . . . Projectile . | . . . . . . AOE 285 | . 142 . . . 143 Terrain Rammed . | . . . . . . Walls Destroyed . | . . . . . . Machines Disabled . | . . . . . . Actions | -11 -10 -10 -10 -9 -8 --------- Run | Yrd Mat Min Exi Min Mat Total 1848 | 50 479 33 650 221 415 Wait . | . . . . . . Move 1729 | 38 430 32 641 219 369 Hop 1 | . 1 . . . . Pick Up 28 | 7 10 . 2 1 8 Fast Attach 3 | 1 . . 2 . . Attach 14 | 4 3 . . 1 6 Detach . | . . . . . . Swap 10 | . 7 . . . 3 Drop 12 | . 5 . 5 . 2 Fire 51 | . 23 1 . . 27 Melee . | . . . . . . Ram . | . . . . . . Kick . | . . . . . . Crush . | . . . . . . Escape Stasis . | . . . . . . Rewire . | . . . . . . Trap . | . . . . . . Miscellaneous . | . . . . . . Route ------- -11/Scrapyard -10/Materials (discovered 2 exits: [*Mat] / *Min) -10/Mines -10/Exiles (discovered 2 exits: *Min x2) -9/Mines -8/Materials (discovered 1 exit: *Fac) History --------- Turn | Location | Event 2 | -11/Scrapyard | Met Revision 17 3 | -11/Scrapyard | Discovered new exit (range 15) 50 | -11/Scrapyard | Entered Materials 304 | -10/Materials | Build established: Mutant 404 | -10/Materials | Discovered new exit (range 12) 458 | -10/Materials | Discovered new exit (range 11) 464 | -10/Materials | Core integrity fell below 50% 466 | -10/Materials | Identified exit to Mines 467 | -10/Materials | Entered Mines 472 | -10/Mines | Deemed a non-threat by the Exiles lab entrance 472 | -10/Mines | Discovered new exit (range 5) 476 | -10/Mines | Assembled infested the area 482 | -10/Mines | Met a Derelict bent on vengeance 482 | -10/Mines | Identified exit to Exiles 482 | -10/Mines | Entered Exiles 488 | -10/Exiles | Discovered new exit (range 15) 493 | -10/Exiles | Identified exit to Mines 501 | -10/Exiles | Met 8R-AWN 507 | -10/Exiles | Met EX-HEX 521 | -10/Exiles | Met EX-DEC 549 | -10/Exiles | Discovered exit to Mines (range 14) 592 | -10/Exiles | Visited The Gauntlet 644 | -10/Exiles | Met EX-BIN 651 | -10/Exiles | Aligned with FarCom system 651 | -10/Exiles | Given EX-Vault access code 660 | -10/Exiles | Opened EX-Vault 662 | -10/Exiles | Found Latent Energy Streamer 683 | -10/Exiles | Found Potential Leg 685 | -10/Exiles | Found Potential Leg 705 | -10/Exiles | Warned to stay clear of 0b10 Research branches 724 | -10/Exiles | Found Gui. Plasma Cannon 814 | -10/Exiles | Stole three prototypes: Latent Energy Streamer, Potential Leg, Gui. Plasma Cannon 814 | -10/Exiles | Entered Mines 952 | -9/Mines | Learned location of Storage (-8) 1009 | -9/Mines | Discovered new exit (range 5) 1012 | -9/Mines | Identified exit to Materials 1014 | -9/Mines | Entered Materials 1014 | -8/Materials | Evolved 4 slots: Power x1, Propulsion x1, Utility x2 1163 | -8/Materials | System corruption reached 10% 1265 | -8/Materials | Discovered new exit (range 14) 1282 | -8/Materials | Identified exit to Factory 1422 | -8/Materials | Self-destructed Last Messages --------------- R-06 Scavenger inserts Corrupted Particle Gun into recycling unit. U-05 Engineer builds a Wall. R-06 Scavenger inserts Corrupted Aluminum Leg into recycling unit. U-05 Engineer lays Concrete. U-05 Engineer builds a Wall. U-05 Engineer lays Concrete. System corrupted: Component data lost. U-05 Engineer lays Concrete. U-05 Engineer builds a Wall. Connecting with Repair Station... >>Scan(Corrupted Adv. Heat Sink) Scanning Corrupted Adv. Heat Sink... Ready to Repair: Corrupted Adv. Heat Sink Rating: 5 Time: 70 ALERT: Suspicious activity at Repair Station M002. Dispatching Investigation squad. Map ----- +----------------------------------------------------+ | ###########?????????????? ""???# #? #????????? | | # #?????????????? ???# # """ #????????? | | # #??????##+######+##### # """ ########## | | / #??????# + """ # | | # """ """ ######## ########### # # ] | | # """ """ / #?????????# # / = # | | # """ """ ######## #?????????# #?###### | | # #?### ## #?????????# #??????# | | ! ### " ## ""?????# #??????# | | # ##/######"""""" ## ?????# #??????# | | ## ???# #??????# | | = ## ?###/####???#######/## | | ## # #??????# | | #####"""""""#### # #?????## | | # #???## ##??# # ! #?????#" ! | | # #????#######???# # = #?????#T != | | / #??????????????# # #?????#" ! | | ! # #????????????### # k #?????## = | | ! !# #???????###########+#### ######### * | | # ?????? u % u | | #### ????? r u w | | ???# ??????? % r | | ???# ?????????# ;;;########### | | ???# ??????????# #??# | | ???# ??????w???# """ ! #! #??# | | ???# ??????????# "R@ ## """ #### | | ???? ????????????# """ ## Y" / / g | | ????##"??????????????# ## """ #### | | ?????????????????????# ## #??# | | ?????????????????????#################??# | | ????????????????????????????????????????# | | ????????????????????????????????????????########## | | ?????????????????????????????????????????????????? | | ?????????????????????????????????????????????????? | | ????????????????????????????????????Y????????????? | | ?????????????????????????????????????????????????? | | ?????????????????????????????????????????????????? | | ?????????????????????????????????????????????????? | | ?????????????????????????????????????????????????? | | ?????????????????????????????????????????????????? | | ?????????????????????????????????????????????????? | | ?????????????????????????????????????????????????? | | ?????????????????????????????????????????????????? | | ?????????????????????????????????????????????????? | | ?????????????????????????????????????????????????? | | ?????????????????????????????????????????????????? | | ?????????????????????????????????????????????????? | | ?????????????????????????????????????????????????? | | ?????????????????????????????????????????????????? | | ?????????????????????????????????????????????????? | +----------------------------------------------------+ Best States ------------- Heat Dissipation 45 Energy Generation 19 Energy Capacity 400 Matter Stores 300 Matter Capacity 300 Sight Range 16 Terrain Scan Density 10 Additional Mass Support 6 Armor Coverage 225 Evasion (%) 62 Item Schematics ----------------- None Robot Schematics ------------------ None Fabricated ------------ Nothing Alien Tech Used ----------------- None Achievements -------------- None Challenges ------------ None Game ------ Seed GravityFocalThruster Manual? 0 Play Time 00:22:17 Cumulative 7.5 hours Start 2024.12.12 @ 20:12:28 End 2024.12.14 @ 12:03:13 Sessions 3 Manual Loads 0 Difficulty Rogue Special Mode None Game No. 13 Rogue 13 Adventurer 0 Explorer 0 Win Type - Total 0 Types 0/0/0/0/0/0/0/0/0 Lore% 9 Gallery% 13 Achievement% 17 Wizard Run 0 Options --------- Layout 1 ASCII 0 Keyboard 0 Movement Mouse Keybinds 0 Fullscreen 1 Font 24/Smallcaps Map View 50x35 Zoom Use 0% Tactical HUD 0 Map Filters NONE Filters NONE Steam 1 RUN: 4d59d920-c95b-4643-b95c-3e10ea0e2402